 Dungeon Crawl Stone Soup version 0.24.0-37-gcf1ca852f1 (webtiles) character file.

Game seed: 5510686530530495900, levelgen mode: deterministic

81073 Mesmaeker13 the Arsonist (level 15, 0/89 HPs)
             Began as a Pale Draconian Earth Elementalist on Dec 3, 2019.
             Was the Champion of Hepliaklqana.
             Slain by a hippogriff (6 damage)
             ... on level 14 of the Dungeon.
             The game lasted 01:21:27 (31807 turns).

Mesmaeker13 the Arsonist (DrEE)                    Turns: 31807, Time: 01:21:28

Health: 0/89       AC: 16    Str: 13    XL:     15   Next: 25%
Magic:  9/29       EV: 18    Int: 22    God:    Hepliaklqana [******]
Gold:   209        SH:  4    Dex: 11    Spells: 21/34 levels left

rFire    + . .     SeeInvis .   Q - +2 trident (flame)
rCold    . . .     Gourm    .   i - +0 buckler
rNeg     . . .     Faith    .   (armour unavailable)
rPois    +         Spirit   .   m - +2 hat {MR+}
rElec    .         Reflect  .   n - +0 cloak
rCorr    .         Harm     .   C - +0 pair of gloves
MR       ++...                  k - +2 pair of boots
Stlth    ++........             (no amulet)
HPRegen  0.24/turn              H - ring "Qurot" {Fire *Contam rPois Str+2}
MPRegen  0.21/turn              A - ring of protection from cold

@: very slightly contaminated
A: breathe steam, unfitting armour, reduced essence, cold-blooded, AC +9
a: Breathe Steam, Recall Ancestor, Ancestor Identity, Transference, Idealise,
Renounce Religion


You were on level 14 of the Dungeon.
You worshipped Hepliaklqana.
Hepliaklqana was exalted by your worship.
You were not hungry.

You visited 3 branches of the dungeon, and saw 22 of its levels.
You also visited: Bailey.

You collected 1042 gold pieces.
You spent 833 gold pieces at shops.

Inventory:

Hand Weapons
 Q - a +2 trident of flaming (weapon)
Missiles
 a - 4 throwing nets (quivered)
 b - 91 stones
Armour
 i - a +0 buckler (worn)
 k - a +2 pair of boots (worn)
 m - a +2 hat of magic resistance (worn)
 n - a +0 cloak (worn)
 C - a +0 pair of gloves (worn)
 J - a scarf of cloud immunity
Jewellery
 u - an uncursed ring of stealth {unknown}
 A - a ring of protection from cold (right hand)
 F - an uncursed ring of wizardry
 H - the ring "Qurot" (left hand) {Fire *Contam rPois Str+2}
   (You bought it in a shop on level 9 of the Dungeon)

   [ring of fire]

   It enhances your fire magic.
   It affects your strength (+2).
   It protects you from fire.
   It makes you vulnerable to cold.
   It protects you from poison.
   It causes magical contamination when unequipped.
Wands
 o - a wand of acid (15)
 y - a wand of disintegration (15)
 G - a wand of paralysis (6)
 M - a wand of digging (3)
 N - a wand of iceblast (8)
Scrolls
 e - a scroll of fog {unknown}
 f - 7 scrolls of teleportation
 g - a scroll of amnesia
 l - a scroll of random uselessness {unknown}
 p - 5 scrolls of fear
 q - 2 scrolls of magic mapping
 r - 3 scrolls of remove curse
 s - 2 scrolls of blinking
 E - a scroll of silence
 L - a scroll of holy word {unknown}
 S - a scroll of torment {unknown}
Potions
 d - 6 potions of mutation
 h - 4 potions of heal wounds {unknown}
 j - 8 potions of curing
 v - 5 potions of flight
 w - 3 potions of ambrosia
 x - 3 potions of haste
 z - 2 potions of resistance {unknown}
 B - a potion of brilliance
 D - 3 potions of might
 I - 3 potions of agility
 K - 2 potions of berserk rage
 O - a potion of cancellation {unknown}
 V - a potion of magic
Miscellaneous
 R - a fan of gales
Comestibles
 c - 29 rations
 t - 6 chunks of flesh


   Skills:
 + Level 4.8 Polearms
 - Level 12.2 Dodging
 - Level 1.7 Stealth
 - Level 4.1 Shields
 + Level 10.0 Spellcasting
 - Level 12.0 Conjurations
   Level 1.0 Transmutations
 + Level 13.7 Fire Magic
 - Level 8.1 Earth Magic
 + Level 9.2 Invocations


You had 21 spell levels left.
You knew the following spells:

 Your Spells              Type           Power        Failure   Level  Hunger
a - Sandblast             Erth           #####.       1%          1    None
b - Stone Arrow           Conj/Erth      ######       1%          3    None
c - Sticky Flame          Conj/Fire      #######.     1%          4    ##.....
d - Fireball              Conj/Fire      #######...   1%          5    ####...

Your spell library contained the following spells:

 Spells                   Type           Power        Failure   Level  Hunger
 Flame Tongue             Conj/Fire      #####        1%          1    None
 Magic Dart               Conj           ####         1%          1    None
 Passwall                 Tmut/Erth      ####....     1%          2    None
 Throw Flame              Conj/Fire      ######       1%          2    None
 Conjure Flame            Conj/Fire      #######.     1%          3    None
 Inner Flame              Hex/Fire       ######..     1%          3    None
 Mephitic Cloud           Conj/Pois/Air  ####....     3%          3    None
 Animate Skeleton         Necr           N/A          6%          1    None
 Apportation              Tloc           ##....       6%          1    None
 Confusing Touch          Hex            ##....       6%          1    None
 Corona                   Hex            ##.....      6%          1    None
 Summon Small Mammal      Summ           ##..         6%          1    None
 Lee's Rapid Deconstruct  Erth           #####.....   6%          5    ####...
 Blink                    Tloc           N/A          9%          2    None
 Call Imp                 Summ           ##......     9%          2    None
 Poisonous Vapours        Pois/Air       ##....       9%          2    None
 Slow                     Hex            ##......     9%          2    None
 Petrify                  Tmut/Erth      ####....     9%          4    ##.....
 Leda's Liquefaction      Hex/Erth       ####......   11%         4    ##.....
 Portal Projectile        Hex/Tloc       ##....       19%         3    None
 Recall                   Summ/Tloc      N/A          19%         3    None
 Cause Fear               Hex            ##........   52%         4    ##.....
 Aura of Abjuration       Summ           ##........   86%         5    ####...
 Summon Demon             Summ           ##........   86%         5    ####...
 Summon Forest            Summ/Tloc      ##........   86%         5    ####...
 Summon Mana Viper        Hex/Summ       ##......     86%         5    ####...
 Freezing Cloud           Conj/Ice/Air   ####......   87%         6    ######.
 Ring of Flames           Chrm/Fire      ######....   97%         7    #######
 Shadow Creatures         Summ           N/A          100%        6    ######.


Dungeon Overview and Level Annotations

Branches:
Dungeon (15/15)            Temple (1/1) D:5            Lair (6/6) D:8
  Swamp (0/4) Lair:3        Snake (0/4) Lair:3        Slime (0/5) Lair:6
    Orc (0/2) D:9          Vaults (0/5) D:14         Bailey (visited)
 Depths: D:15

Altars:
Ashenzari
Cheibriados
Dithmenos
Elyvilon
Fedhas
Gozag
Hepliaklqana
Kikubaaqudgha
Makhleb
Nemelex Xobeh
Okawaru
Qazlal
Ru
Sif Muna
Trog
Uskayaw
Vehumet
Wu Jian
Xom
Yredelemnul
Zin
The Shining One
Jiyva

Shops:
D:5 *   D:7 :(==   D:9 =

Annotations:
D:13 3 runed translucent doors, qdestroyer's ghost, journeyman MiFi
Lair:1 Fannar
Lair:6 2 transporters, grimjagger06's ghost, journeyman MiBe


Innate Abilities, Weirdness & Mutations

You can breathe blasts of scalding, opaque steam.
Your pale cyan-grey scales are hard. (AC +9)
You cannot fit into any form of body armour.
You are cold-blooded and may be slowed by cold attacks.
Your life essence is reduced to manifest your ancestor. (-10% HP)


Message History

There is a stone staircase leading down here.
Unknown command.
Kendra is recalled.
The hippogriff bites you!
* * * LOW HITPOINT WARNING * * *
The hippogriff pecks you but does no damage.
The hippogriff barely misses you.
Casting: Sandblast (safe; 1% risk of failure)
Confirm with . or Enter, or press ? or * to list all spells.
Aiming: Sandblast (safe; 1% risk of failure)
Press: ? - help, Shift-Dir - straight line, f - hippogriff
Aim: a hippogriff The blast of sand hits the hippogriff!!
The hippogriff is moderately wounded.
b - 91 stones The hippogriff bites you but does no damage.
The hippogriff pecks you!
* * * LOW HITPOINT WARNING * * *
The hippogriff claws you.
You die...

≈≈.≈.###### #.#.#
≈≈.≈.≈###########.#.#
..................#.#
≈≈≈≈.≈########.##.#.#
..........[..)......#
≈≈...≈########.##.###
.....## #.....#
.....########..#####
................@H.#
..#..###.###...#R#.#
###.## #.# #.#.#.#.#
.#### #.# #.#.#.#.#
.#######.# #.#.#.#.#
..#....#.# #.###.#.#
..#....#.# #.# #.#.#
.......#.# #.# #.#.#
.......#.# #.# #.#.#


You could see the friendly Kendra the knight and a hippogriff.

Vanquished Creatures
  Rupert (D:14)
  Kirke (Lair:4)
  A vault guard (D:14)
  9 hydras
  Erolcha (D:11)
  3 centaur warriors
  4 two-headed ogres
  2 death yaks
  Urug (Lair:2)
  3 ugly things
  A deep elf mage (D:14)
  An oklob plant (D:13)
  3 cyclopes (D:14)
  A manticore (D:15)
  A centaur zombie (D:15)
  6 black mambas
  A torpor snail (Lair:5)
  3 centaur skeletons
  16 spiny frogs
  4 molten gargoyles (D:14)
  A gargoyle (D:14)
  3 rime drakes
  8 komodo dragons
  A meliai (D:15)
  A hornet (D:13)
  6 trolls
  15 blink frogs
  7 hippogriffs
  4 slime creatures (D:12)
  2 tyrant leeches (Lair:6)
  9 dream sheep
  A wraith (D:14)
  2 fire elementals (D:14)
  27 yaks
  A wyvern (D:9)
  A hog (Lair:4)
  5 basilisks
  10 vampire mosquitoes
  2 hungry ghosts
  A soldier ant (D:14)
  12 water moccasins
  8 porcupines
  5 ice beasts
  A meliai simulacrum (D:10)
  2 black bears
  4 sky beasts
  3 orc warriors
  4 necrophages
  An ogre (shapeshifter) (D:14)
  6 ogres
  An eye of draining (D:11)
  5 wolves
  5 centaurs
  7 big kobolds
  14 crocodiles
  15 bullfrogs
  7 gnoll sergeants (Bailey)
  5 gnoll shamans (Bailey)
  5 scorpions
  2 killer bees (D:11)
  An oklob sapling (D:13)
  4 wights (D:14)
  A howler monkey (D:7)
  3 electric eels
  4 crimson imps
  A bullfrog zombie (D:5)
  3 bullfrog skeletons
  3 jellies
  A quasit (D:12)
  6 hounds
  2 human zombies (D:14)
  4 orc priests
  3 iguanas
  15 orc wizards
  Natasha (thrice) (D:3)
  11 worker ants
  12 gnolls (Bailey)
  16 adders
  3 shadow imps
  An adder zombie (D:6)
  2 oozes
  An adder skeleton (D:5)
  A worm (D:2)
  4 dart slugs
  11 leopard geckos
  40 orcs
  3 giant cockroaches
  11 hobgoblins
  11 jackals
  18 kobolds
  7 quokkas
  8 ball pythons
  9 bats
  5 frilled lizards
  13 goblins
  A jackal skeleton (D:8)
  10 rats
  3 fungi
  7 plants
544 creatures vanquished.

Vanquished Creatures (collateral kills)
  Nessos (Lair:4)
  3 vault guards (D:14)
  6 hydras
  A death yak (Lair:4)
  5 ugly things
  A deep elf mage (D:13)
  An elephant (Lair:6)
  Joseph (D:10)
  A torpor snail (Lair:5)
  5 spiny frogs
  A gargoyle (D:15)
  A rime drake (Lair:6)
  A komodo dragon (Lair:6)
  A tyrant leech (Lair:6)
  3 slime creatures
  4 hippogriffs
  2 dream sheep
  A bog body (Lair:3)
  A hornet (D:13)
  A blink frog (Lair:5)
  12 yaks
  A wraith (D:14)
  A steam dragon (Lair:6)
  A hog (Lair:4)
  A hungry ghost (D:12)
  An acid dragon (D:11)
  Edmund (D:5)
  2 water moccasins (Lair:3)
  2 porcupines
  A sky beast (D:8)
  2 ice beasts
  An orc warrior (D:12)
  A phantom (D:5)
  A necrophage (D:14)
  An ogre (D:11)
  2 centaurs
  A crocodile (D:8)
  12 bullfrogs
  A scorpion (D:6)
  A killer bee (D:11)
  3 wights (D:14)
  A troll skeleton (D:14)
  A crimson imp (D:14)
  5 hounds
  2 bullfrog zombies
  2 centaur zombies
  2 bullfrog skeletons
  3 centaur skeletons
  3 orc wizards
  A gnoll shaman (Bailey)
  A human skeleton (D:14)
  3 jellies
  An orc priest (D:12)
  A human zombie (D:14)
  2 iguanas
  3 worker ants
  A hound zombie (D:6)
  A mummy (D:14)
  A worker ant zombie (D:8)
  5 adders
  2 gnolls (Bailey)
  A shadow imp (D:5)
  An adder zombie (D:6)
  An adder skeleton (D:8)
  A leopard gecko (D:11)
  A ball python (Lair:3)
  A goblin (D:8)
  A hobgoblin (D:6)
  5 jackals
  4 kobolds
  2 quokkas (D:8)
  2 leopard gecko skeletons
151 creatures vanquished.

Vanquished Creatures (others)
  2 yaks (D:8)
  A gnoll sergeant (Bailey)
  A jelly (D:8)
  15 knights
  8 ancestors
  An orc (D:5)
  A quokka zombie (D:8)
  16 fungi
  50 plants
95 creatures vanquished.

Grand Total: 790 creatures vanquished

Notes
Turn   | Place    | Note
-------+----------+-------------------------------------------
     0 | D:1      | Mesmaeker13 the Draconian Earth Elementalist began the
                  | quest for the Orb.
     0 | D:1      | Reached XP level 1. HP: 14/14 MP: 3/3
   518 | D:1      | Reached XP level 2. HP: 18/20 MP: 3/5
  1240 | D:1      | Reached XP level 3. HP: 20/26 MP: 2/6
  1588 | D:2      | Learned a level 3 spell: Stone Arrow
  1758 | D:2      | Reached XP level 4. HP: 17/33 MP: 5/8
  2891 | D:3      | Noticed Natasha
  2925 | D:3      | Killed Natasha
  2925 | D:3      | Reached XP level 5. HP: 25/38 MP: 1/9
  3098 | D:3      | Reached skill level 1 in Conjurations
  3350 | D:3      | Noticed Natasha
  3359 | D:3      | Killed Natasha
  3485 | D:3      | Noticed Natasha
  3498 | D:3      | Killed Natasha
  3498 | D:3      | Reached XP level 6. HP: 39/45 MP: 7/11
  3657 | D:4      | Identified the +2 leather armour of the Centipede {rC- rN++
                  | MR- MP+9}
  3871 | D:4      | Reached skill level 1 in Shields
  4662 | D:4      | Found a shadowy altar of Dithmenos.
  4920 | D:5      | Entered Level 5 of the Dungeon
  4928 | D:5      | Your scales start taking on a pale cyan-grey colour.
  4928 | D:5      | Reached XP level 7. HP: 50/50 MP: 9/13
  4974 | D:5      | Found Ysho's General Store.
  4987 | D:5      | Reached skill level 5 in Earth Magic
  4995 | D:5      | Bought a potion of curing for 36 gold pieces
  6008 | D:5      | Noticed Edmund
  6037 | D:4      | Reached XP level 8. HP: 46/57 MP: 14/14
  6285 | D:5      | Found a staircase to the Ecumenical Temple.
  6294 | Temple   | Entered the Ecumenical Temple
  6345 | Temple   | Became a worshipper of Hepliaklqana the Forgotten
  6467 | D:5      | Killed Edmund
  6671 | D:5      | Found an iron altar of Okawaru.
  7112 | D:6      | Reached skill level 5 in Conjurations
  7543 | D:6      | Reached * piety under Hepliaklqana
  8075 | D:7      | Reached XP level 9. HP: 54/55 MP: 8/15
  8514 | D:7      | Found Monon's Jewellery Boutique.
  8621 | D:7      | Reached skill level 5 in Dodging
  8697 | D:7      | Found Bastreiq's Antique Weapon Emporium.
  8725 | D:7      | Found a shimmering blue altar of Sif Muna.
  8769 | D:7      | Found Inucrigh's Jewellery Shoppe.
  9087 | D:7      | Found Bued's Book Emporium.
  9243 | D:7      | Learned a level 4 spell: Sticky Flame
  9421 | D:8      | Reached skill level 1 in Fire Magic
  9543 | D:8      | Reached skill level 2 in Fire Magic
  9627 | D:8      | Noticed a two-headed ogre
  9628 | D:8      | Noticed an efreet
  9760 | D:8      | Found a flagged portal.
  9765 | Bailey   | Entered a bailey
  9954 | Bailey   | Reached skill level 3 in Fire Magic
 10202 | Bailey   | Reached XP level 10. HP: 36/62 MP: 10/16
 10352 | Bailey   | Identified the cursed +1 ring mail of Ypriacri {rPois rC+
                  | Str+4 Dex-5}
 10755 | D:8      | Killed a two-headed ogre
 10755 | D:8      | Reached skill level 4 in Fire Magic
 10933 | D:8      | Reached skill level 5 in Fire Magic
 10999 | D:8      | Reached ** piety under Hepliaklqana
 11003 | D:8      | Found a staircase to the Lair.
 11479 | D:9      | Found a staircase to the Orcish Mines.
 11526 | D:9      | Noticed a green ugly thing
 11535 | D:9      | Remembered your ancestor Kendra as a knight
 11555 | D:9      | Killed a green ugly thing
 11594 | D:9      | Reached skill level 6 in Fire Magic
 11744 | D:9      | Found a glowing golden altar of the Shining One.
 11828 | D:9      | Reached *** piety under Hepliaklqana
 11851 | D:9      | Found Logaisk's Jewellery Shoppe.
 12386 | D:10     | Entered Level 10 of the Dungeon
 12461 | D:10     | Reached XP level 11. HP: 61/66 MP: 7/17
 12590 | D:10     | Reached skill level 7 in Fire Magic
 13341 | D:10     | Noticed Joseph
 13355 | D:10     | Killed Joseph
 13553 | D:9      | Bought the ring "Qurot" {Fire *Contam rPois Str+2} for 522
                  | gold pieces
 13562 | D:9      | Learned a level 5 spell: Fireball
 13655 | Lair:1   | Entered Level 1 of the Lair of Beasts
 13656 | Lair:1   | Reached **** piety under Hepliaklqana
 13813 | Lair:1   | Reached skill level 10 in Conjurations
 14161 | Lair:1   | Noticed Fannar
 14508 | Lair:2   | Noticed Urug
 14524 | Lair:2   | Killed Urug
 14524 | Lair:2   | Reached skill level 8 in Fire Magic
 15479 | Lair:2   | Reached ***** piety under Hepliaklqana
 15932 | Lair:3   | Reached skill level 9 in Fire Magic
 16090 | Lair:3   | Noticed an eight-headed hydra
 16096 | Lair:3   | Killed an eight-headed hydra
 16137 | Lair:3   | Reached XP level 12. HP: 72/72 MP: 10/18
 16347 | Lair:3   | Found a staircase to the Snake Pit.
 16831 | Lair:3   | Found a staircase to the Swamp.
 17118 | Lair:4   | Reached skill level 10 in Dodging
 17148 | Lair:4   | Noticed a seven-headed hydra
 17156 | Lair:4   | Killed a seven-headed hydra
 17316 | Lair:4   | Noticed a death yak
 17609 | Lair:4   | Noticed a death yak
 17612 | Lair:4   | Reached skill level 10 in Fire Magic
 17641 | Lair:4   | Killed a death yak
 17641 | Lair:4   | Reached skill level 5 in Spellcasting
 17645 | Lair:4   | Killed a death yak
 17894 | Lair:4   | Noticed an eight-headed hydra
 17901 | Lair:4   | Killed an eight-headed hydra
 17957 | Lair:4   | Noticed Nessos
 17965 | Lair:4   | Killed Nessos
 18316 | Lair:4   | Noticed Kirke
 18333 | Lair:4   | Killed Kirke
 19180 | Lair:5   | Noticed a death yak
 19196 | Lair:5   | Killed a death yak
 19196 | Lair:5   | Reached XP level 13. HP: 77/77 MP: 11/22
 19647 | Lair:5   | Reached ****** piety under Hepliaklqana
 19943 | Lair:6   | Entered Level 6 of the Lair of Beasts
 19983 | Lair:6   | Reached skill level 11 in Fire Magic
 19993 | Lair:6   | Reached skill level 1 in Invocations
 22188 | Lair:6   | Reached skill level 12 in Fire Magic
 22314 | Lair:6   | Reached skill level 5 in Invocations
 22625 | Lair:6   | Found a staircase to the Slime Pits.
 22629 | Lair:6   | Found a viscous altar of Jiyva.
 22959 | Lair:6   | Noticed grimjagger06's ghost (journeyman MiBe)
 22960 | Lair:6   | Found a transporter.
 22963 | Lair:6   | Found a transporter.
 23324 | D:11     | Noticed Erolcha
 23517 | D:11     | Reached XP level 14. HP: 72/83 MP: 17/26
 23695 | D:7      | Bought an uncursed ring of protection from cold for 275
                  | gold pieces
 24469 | D:11     | You fall into a shaft and drop 3 floors!
 25969 | D:11     | Killed Erolcha
 27130 | D:13     | Noticed qdestroyer's ghost (journeyman MiFi)
 27152 | D:13     | Found a runed translucent gate.
 27152 | D:13     | Found a runed translucent gate.
 27152 | D:13     | Found a runed translucent gate.
 27689 | D:13     | Reached skill level 1 in Polearms
 28082 | D:14     | Reached skill level 13 in Fire Magic
 28186 | D:14     | Noticed Rupert
 28330 | D:14     | Found a basalt altar of Yredelemnul.
 28995 | D:14     | Identified the +3 leather armour of Ysaekk {MP-9 Str+4
                  | Int+4}
 29647 | D:14     | Found a gate to the Vaults.
 30695 | D:14     | Reached XP level 15. HP: 89/89 MP: 18/28
 30877 | D:14     | Killed Rupert
 31454 | D:15     | Entered Level 15 of the Dungeon
 31455 | D:15     | Identified a scroll of acquirement
 31570 | D:15     | Reached skill level 10 in Spellcasting
 31807 | D:14     | Slain by a hippogriff

Levels and vault maps discovered:
D:1:      dpeg_arrival_tiny_j, layout_basic
D:2:      layout_loops_cross, minmay_small_reverse_x
D:3:      layout_rooms, first_ration, uniq_natasha
D:4:      layout_basic, nicolae_dithmenos_through_a_glass_darkly
D:5:      layout_basic, okawaru_ov_weapons_minmay, minmay_temple_entry_waves,
          serial_shops, nicolae_shop_statue_plus, uniq_edmund
D:6:      cheibrodos_thug_alley, layout_loops_ring, kennysheep_generic_room_3
D:7:      layout_rooms, basic_altar, serial_shops,
          nicolae_shop_temple_entry_statues_fountains,
          nicolae_shop_behind_doors, nicolae_shop_behind_doors, shop
D:8:      layout_cave_pools, minmay_lair_entry_grove, enter_bailey_3
D:9:      minmay_chambers_of_sixes, layout_stronghold, orc_0_dummy,
          serial_shops, shop, nicolae_tso_carved_into_rock
D:10:     layout_layer_cave, uniq_joseph
D:11:     layout_irregular_city, hangedman_ranch [blue_anna_fruit_fields],
          uniq_erolcha
D:12:     layout_cave_pods
D:13:     layout_rooms, gammafunk_ghost_icy, introduction_to_nature_2
D:14:     layout_basic, lightli_vaults_fourway_checkpoint,
          lemuel_mausoleum_altar_yredelemnul, minivault_8, uniq_rupert
D:15:     grunt_enter_depths_magical_seal, layout_irregular_city, fedhas_altar_3
Temple:   compressed_dpeg_circular_temple
Lair:1:   layout_regular_city, lemuel_fruit_tree, uniq_fannar
Lair:2:   layout_small_grid, st_stairs_12, uniq_urug
Lair:3:   layout_long_grid, skrybe_swamp_entry_bodies,
          minmay_snake_entry_six_corridors
Lair:4:   layout_small_grid, beast_lair_carwin_6, grunt_megastairs_4,
          lemuel_fruit_fields, lemuel_fruit_fields, uniq_kirke, uniq_nessos
Lair:5:   wander_river, layout_gridlike
Lair:6:   minmay_lair_end_frog_pond, layout_layer_cave, slime_altar_1,
          gammafunk_ghost_arena, st_stairs_6, guppyfry_lair_drakes

Skill      XL: |  1  2  3  4  5  6  7  8  9 10 11 12 13 14 15 |
---------------+----------------------------------------------+-----
Dodging        | 2 3 4 6 8 9 10 11 12 | 12.2
Spellcasting   | 3 4 6 8 9 10 | 10.0
Earth Magic    | 4 5 7 8 |  8.1
Conjurations   | 1 2 4 5 7 9 10 11 12 | 12.0
Shields        | 2 3 4 |  4.1
Fire Magic     | 3 6 9 10 12 13 | 13.7
Invocations    | 5 8 9 |  9.2
Polearms       | 3 4 |  4.8
Stealth        | |  1.7
Transmutations | |  1.0

Action                   |  1- 3 |  4- 6 |  7- 9 | 10-12 | 13-15 || total
-------------------------+-------+-------+-------+-------+-------++-------
Melee: Mace              |    74 |    52 |       |       |       ||   126
       Tailslap          |     5 |    14 |    27 |    16 |    42 ||   104
       Spear             |       |    63 |    35 |       |       ||    98
       Dagger            |       |       |   256 |   160 |   191 ||   607
       Hand axe          |       |       |    11 |       |       ||    11
       Trident           |       |       |       |       |   221 ||   221
Throw: Dart              |       |    17 |    32 |     3 |       ||    52
       Stone             |       |     1 |       |       |       ||     1
       Throwing net      |       |       |       |     7 |       ||     7
 Cast: Sandblast         |    16 |    63 |    72 |   103 |   191 ||   445
       Stone Arrow       |       |     1 |    31 |    89 |    80 ||   201
       Sticky Flame      |       |       |       |    15 |    26 ||    41
       Fireball          |       |       |       |    15 |   100 ||   115
Invok: Ancestor Life: Kn |       |       |       |     1 |       ||     1
       Recall Ancestor   |       |       |       |       |    10 ||    10
       Idealise          |       |       |       |       |     6 ||     6
 Abil: Breathe Steam     |       |       |    16 |    18 |    12 ||    46
Evoke: Wand              |       |       |     7 |    32 |    23 ||    62
       Phantom mirror    |       |       |       |     1 |       ||     1
       Fan of gales      |       |       |       |       |     1 ||     1
  Use: Scroll            |     2 |     2 |     4 |     9 |    16 ||    33
       Potion            |       |     5 |     2 |       |     5 ||    12
 Stab: Sleeping          |     3 |     7 |     3 |     1 |     7 ||    21
       Distracted        |       |       |     2 |     1 |     2 ||     5
       Paralysed         |       |       |       |    11 |     4 ||    15
  Eat: Chunk             |     3 |     6 |    16 |    32 |    28 ||    85
       Ration            |       |     1 |     2 |     3 |    11 ||    17
Armor: Skin              |    26 |    53 |    94 |    57 |   160 ||   390
Dodge: Dodged            |    56 |   133 |   232 |   173 |   515 ||  1109
Block: Buckler           |       |       |    68 |    42 |   115 ||   225
